 Dungeon Crawl Stone Soup version 0.30-a0-626-gd6a5dd7a1f (webtiles) character file.

Game seed: 6340907926615186150

37 Newt the Shooter (level 3, -1/21 HPs)
             Began as a Kobold Hunter on Jan 11, 2023.
             Slain by Sigmund
             ... wielding a +0 scythe
              (3 damage)
             ... on level 2 of the Dungeon.
             The game lasted 00:01:01 (991 turns).

Newt the Shooter (Kobold Hunter)                     Turns: 991, Time: 00:01:01

Health: -1/21      AC:  5    Str:  8    XL:     3   Next: 62%
Magic:  12/12      EV: 14    Int: 10    God:
Gold:   29         SH:  0    Dex: 20    Spells: 2/2 levels left

rFire   . . .      SeeInvis .    a - +0 shortbow
rCold   . . .      Faith    .    (shield currently unavailable)
rNeg    . . .      Spirit   .    c - +0 leather armour
rPois   .          Reflect  .    (no helmet)
rElec   .          Harm     .    (no cloak)
rCorr   .          Rampage  .    h - +1 pair of gloves
Will    .....                    (no boots)
Stlth   +++                      (no amulet)
HPRegen 0.23/turn                e - ring of magical power
MPRegen 0.13/turn                (no ring)

@: no status effects
A: small, no large weapons, nightstalker 3, sense surroundings 1, wild magic 1,
MP-powered wands
a: no special abilities


You were on level 2 of the Dungeon.
You visited 1 branch of the dungeon, and saw 2 of its levels.

You collected 29 gold pieces.

Inventory:

Hand Weapons
 a - a +0 shortbow (weapon)
Armour
 c - a +0 leather armour (worn)
 h - a +1 pair of gloves (worn)
Jewellery
 e - a ring of magical power (left hand)
Scrolls
 b - a scroll of immolation
 f - a scroll of enchant armour
 g - a scroll of identify {unknown}
Potions
 j - a potion of curing {unknown}
 k - a potion of brilliance {unknown}
 l - a potion of resistance {unknown}
 m - a potion of might {unknown}


   Skills:
 - Level 2.1 Fighting
 + Level 6.8 Ranged Weapons
 - Level 2.4 Dodging
 - Level 1.3 Stealth


You had 2 spell levels left.
You didn't know any spells.
Your spell library contained the following spells:

 Spells                   Type           Power      Damage    Failure   Level
 Kiss of Death            Conj/Necr      0%         2d5       58%         1
 Confusing Touch          Hex            0%         N/A       90%         3
 Dispel Undead            Necr           0%         3d6       100%        4


Dungeon Overview and Level Annotations

Branches:
Dungeon (2/15)

Altars:
Kikubaaqudgha

Annotations:
D:2 Sigmund


Innate Abilities, Weirdness & Mutations

You are small and have problems with some larger weapons.
You are completely attuned to the shadows.
You passively map a small area around you.
Your spells are a little harder to cast, but a little more powerful.
You expend magic power (3 MP) to strengthen your wands.


Message History

Something tries to affect you, but you resist.
You shoot an arrow. The arrow hits the gnoll.
The gnoll is severely wounded.
The gnoll closely misses you.
You shoot an arrow. The arrow completely misses the gnoll.
Something barely misses you. The gnoll misses you.
You shoot an arrow. The arrow barely misses the gnoll.
The arrow hits the gnoll.
The gnoll is moderately wounded.
Something hits you. The gnoll closely misses you. The gnoll misses you.
You shoot an arrow. The arrow completely misses the gnoll.
Something barely misses you. The gnoll hits you with a +0 club.
You shoot an arrow. The arrow hits the gnoll.
The gnoll is severely wounded.
Something barely misses you. The gnoll misses you.
You shoot an arrow.
The arrow hits the gnoll but does no damage.
The gnoll is severely wounded.
The gnoll barely misses you.
You shoot an arrow. The arrow hits the gnoll!
You kill the gnoll!
You hear some strange, mumbled words.
You are confused.
Something hits you.
You bump into the rock wall.
You bump into the rock wall.
Something hits you.
You bump into the rock wall.
Something hits you.
* * * LOW HITPOINT WARNING * * *
You bump into the rock wall.
It was a potion of cancellation.
Your magical effects are unravelling.
You feel magically purged.
You feel less confused. Something closely misses you.
It was a potion of mutation.
You feel extremely strange.
You feel your magical essence link to the dungeon's wands.
You feel a strange attunement to the structure of the dungeons.
You feel less in control of your magic. Something hits you.
You die...

..........#.....#
..........#.....#
,
*##.......#######
* * #...#####
#...# * #.### * ,
#.# #.., *
#.######>#### ,**
#..@){g#(.g.. ,
######g#..#.. , *
* #..g...# , *
###g.### ,, *
#..... , ,,
##...., , , , ,
#### , *


You could see 2 gnolls.

Vanquished Creatures
  A gnoll (D:2)
  2 dart slugs (D:1)
  2 endoplasms (D:1)
  A giant cockroach (D:2)
  3 goblins (D:1)
  2 hobgoblins
  4 jackals (D:1)
  A quokka (D:1)
  A bat (D:1)
  3 frilled lizards
  A kobold (D:1)
  A rat (D:1)
22 creatures vanquished.

Notes
Turn   | Place    | Note
-------+----------+-------------------------------------------
     0 | D:1      | Newt the Kobold Hunter began the quest for the Orb.
     0 | D:1      | Reached XP level 1. HP: 12/12 MP: 1/1
   180 | D:1      | Reached XP level 2. HP: 12/17 MP: 2/2
   188 | D:1      | Reached skill level 6 in Ranged Weapons
   617 | D:1      | Reached XP level 3. HP: 21/21 MP: 3/3
   911 | D:2      | Found an ancient bone altar of Kikubaaqudgha.
   968 | D:2      | Noticed Sigmund
   991 | D:2      | Gained mutation: You expend magic power (3 MP) to
                  | strengthen your wands. [potion of mutation]
   991 | D:2      | Gained mutation: You passively map a small area around you.
                  | [potion of mutation]
   991 | D:2      | Gained mutation: Your spells are a little harder to cast,
                  | but a little more powerful. [potion of mutation]
   991 | D:2      | Slain by Sigmund

Illustrated notes

Levels and vault maps discovered:
D:1:      tarquinn_simple_flora_water_f, layout_basic, minmay_domino_2
D:2:      layout_loops_cross, basic_altar, minmay_diced_spiral, uniq_sigmund

Skill      XL: |  1  2 |
---------------+-------+-----
Ranged Weapons | 6 |  6.8
Fighting       | |  2.1
Dodging        | |  2.4
Stealth        | |  1.3

Action                   || total
-------------------------++-------
 Fire: Shortbow          ||    62
  Use: Scroll            ||     2
       Potion            ||     2
Armor: Leather armour    ||     5
Dodge: Dodged            ||    30

Table legend: (Time is in decaauts)
 A = Elapsed time spent in this place.
 B = Non-inter-level travel time spent in this place.
 C = Inter-level travel time spent in this place.
 D = Time resting spent in this place.
 E = Time spent auto-exploring this place.
 F = Levels seen in this place.
 G = Mean time per level.
                   A        B        C        D        E       F      G
               +--------+--------+--------+--------+--------+-----+--------+
         Total |   1005 |    992 |     13 |     26 |    816 |   2 |  502.5 |
       Dungeon |   1005 |    992 |     13 |     26 |    816 |   2 |  502.5 |
               +--------+--------+--------+--------+--------+-----+--------+

Top non-repeatable levels by time:
     D:1: 790 daAuts
     D:2: 215 daAuts
